 Dungeon Crawl Stone Soup version 0.28.0-45-g0d030f2227 (webtiles) character file.

Game seed: 12689582365434903911

29852 CryoSword the Fighter (level 13, -8/76 HPs)
             Began as a Vine Stalker Enchanter on Apr 18, 2022.
             Was an Elder of Dithmenos.
             Engulfed by a cloud of flame (12 damage)
             ... in a volcano.
             The game lasted 00:43:31 (18212 turns).

CryoSword the Fighter (Vine Stalker Enchanter)     Turns: 18212, Time: 00:43:32

Health: -8/76      AC: 12    Str: 11    XL:     13   Next: 47%
Magic:  0/26       EV: 14    Int: 17    God:    Dithmenos [****..]
Gold:   647        SH:  0    Dex: 24    Spells: 17/28 levels left

rFire   + . .      SeeInvis .   w - +5 dagger (speed)
rCold   . . .      Faith    .   (no shield)
rNeg    . . .      Spirit   +   O - +1 robe {rF+}
rPois   .          Reflect  .   f - +0 helmet
rElec   .          Harm     .   q - +2 cloak
rCorr   .          Rampage  .   (no gloves)
Will    +....                   D - +0 pair of boots
Stlth   ++++++++..              (no amulet)
HPRegen 1.02/turn               b - +6 ring of dexterity
MPRegen 0.20/turn               C - +4 ring of protection

@: mighty, wreathed by umbra
A: fangs 3, regeneration 1, magic shield, antimagic bite, no potion heal 2
a: Renounce Religion, Shadow Step


You were in a volcano.
You worshipped Dithmenos.
Dithmenos was greatly pleased with you.
You visited 3 branches of the dungeon, and saw 16 of its levels.
You also visited: Volcano.

You collected 978 gold pieces.
You spent 331 gold pieces at shops.

Inventory:

Hand Weapons
 a - a +0 rapier
   (You found it on level 5 of the Dungeon)
 w - a +5 dagger of speed (weapon)
   (You took it off a kobold on level 10 of the Dungeon)
 I - a +2 short sword of venom
   (You took it off a deep elf pyromancer on level 12 of the Dungeon)
Missiles
 c - 5 boomerangs (quivered)
 v - 5 curare-tipped darts
 F - 11 poisoned darts
Armour
 f - a +0 helmet (worn)
   (You found it on level 1 of the Dungeon)
 k - the +1 ring mail "Uzuiloblu" {rPois Regen+}
   (You found it on level 6 of the Dungeon)

   rPois:     It protects you from poison.
   Regen:     It increases your rate of health regeneration.
 q - a +2 cloak (worn)
   (You bought it in a shop on level 6 of the Dungeon)
 t - an orb of guile
   (You found it on level 7 of the Dungeon)
 D - a +0 pair of boots (worn)
   (You found it on level 9 of the Dungeon)
 O - a +1 robe of fire resistance (worn)
   (You found it on level 10 of the Dungeon)
 R - a +1 pair of boots of rampaging
   (You found it in a volcano)
Jewellery
 b - a +6 ring of dexterity (left hand)
   (You found it on level 6 of the Dungeon)
 e - a ring of protection from cold
   (You found it on level 1 of the Dungeon)
 g - a ring of poison resistance
   (You found it on level 10 of the Dungeon)
 u - a ring of wizardry
   (You bought it in a shop on level 2 of the Dungeon)
 C - a +4 ring of protection (right hand)
   (You found it on level 9 of the Dungeon)
Wands
 i - a wand of digging (7)
   (You found it on level 2 of the Dungeon)
 s - a wand of iceblast (26)
   (You found it on level 7 of the Dungeon)
 A - a wand of flame (8)
   (You found it on level 8 of the Dungeon)
 H - a wand of acid (4)
   (You found it on level 12 of the Dungeon)
Scrolls
 h - 8 scrolls of teleportation {@r4}
 m - 5 scrolls of identify {@r1}
 o - a scroll of magic mapping
 p - 4 scrolls of fog
 r - a scroll of brand weapon {unknown}
 y - 3 scrolls of vulnerability {!r}
 B - a scroll of torment {!r}
 E - a scroll of immolation {unknown}
 J - a scroll of blinking {unknown}
 N - a scroll of fear {unknown}
 P - a scroll of enchant armour {unknown}
Potions
 d - 2 potions of brilliance
 j - 3 potions of mutation {!q}
 l - 2 potions of cancellation {unknown}
 n - 2 potions of flight
 x - 2 potions of might
 z - 3 potions of haste {unknown}
 G - 3 potions of lignification {unknown}
 K - 2 potions of curing {@q1}
 M - a potion of magic {unknown}
 Q - a potion of heal wounds {unknown}
Miscellaneous
 L - a phantom mirror
   (You found it on level 10 of the Dungeon)


   Skills:
 + Level 12.4 Fighting
 * Level 10.2 Short Blades
 - Level 3.0 Dodging
 + Level 11.9 Stealth
 + Level 8.0 Spellcasting
 - Level 4.0 Conjurations
 * Level 11.4 Hexes
 - Level 4.0 Ice Magic


You had 17 spell levels left.
You knew the following spells:

 Your Spells              Type           Power      Damage    Failure   Level
a - Ensorcelled Hibernat  Hex/Ice        66%        N/A       1%          2
b - Confusing Touch       Hex            45%        N/A       1%          3
c - Tukima's Dance        Hex            45%        N/A       1%          3
d - Dazzling Flash        Conj/Hex       66%        N/A       1%          3

Your spell library contained the following spells:

 Spells                   Type           Power      Damage    Failure   Level
 Magic Dart               Conj           80%        1d7       1%          1
 Shock                    Conj/Air       52%        1d6       4%          1
 Frozen Ramparts          Ice            40%        1d6       6%          3
 Static Discharge         Conj/Air       13%        N/A       7%          2
 Anguish                  Hex/Necr       13%        N/A       10%         4
 Apportation              Tloc           12%        N/A       11%         1
 Call Imp                 Summ           6%         N/A       16%         2
 Scorch                   Fire           12%        2d6       16%         2
 Mephitic Cloud           Conj/Pois/Air  11%        N/A       19%         3
 Yara's Violent Unravell  Hex/Tmut       13%        3d7       28%         5
 Gell's Gravitas          Tloc           6%         N/A       30%         3
 Lesser Beckoning         Tloc           6%         N/A       30%         3
 Teleport Other           Tloc           6%         N/A       30%         3
 Vampiric Draining        Necr           6%         2d6       30%         3
 Ice Form                 Ice/Tmut       13%        N/A       41%         4
 Summon Ice Beast         Ice/Summ       13%        N/A       41%         4
 Iskenderun's Battlesphe  Conj           20%        2d7       50%         5
 Enfeeble                 Hex            22%        N/A       63%         7
 Animate Dead             Necr           3%         N/A       71%         4
 Alistair's Intoxication  Tmut/Pois      4%         N/A       96%         5
 Borgnjor's Vile Clutch   Necr/Erth      3%         N/A       96%         5
 Summon Forest            Summ/Tloc      3%         N/A       96%         5
 Dispersal                Tloc           3%         N/A       100%        6
 Eringya's Noxious Bog    Tmut/Pois      3%         N/A       100%        6
 Borgnjor's Revivificati  Necr           3%         N/A       100%        8
 Maxwell's Capacitive Co  Air            3%         ∞         100%        8
 Fire Storm               Conj/Fire      6%         8d2       100%        9


Dungeon Overview and Level Annotations

Branches:
Dungeon (12/15)            Temple (1/1) D:6            Lair (3/6) D:8
  Snake (0/4) Lair:2      Volcano (1/1)
  Swamp: Lair:2-4    Shoals: Lair:2-4       Orc: D:9-12

Altars:
Ashenzari
Cheibriados
Dithmenos
Elyvilon
Fedhas
Gozag
Hepliaklqana
Kikubaaqudgha
Makhleb
Nemelex Xobeh
Okawaru
Qazlal
Ru
Sif Muna
Trog
Uskayaw
Vehumet
Wu Jian
Xom
Yredelemnul
Zin
The Shining One

Shops:
D:2 *   D:6 [*   D:8 (*[=*

Annotations:
D:6 2 transporters
Lair:3 2 runed translucent doors, Bruhh's ghost, journeyman GrEE


Innate Abilities, Weirdness & Mutations

You have razor-sharp teeth.
Your natural rate of healing is unusually fast.
When hurt, damage is shared between your health and your magic reserves.
Your bite disrupts and absorbs the magic of your enemies.
Potions cannot restore your health.


Message History

You stick the polar bear like a pincushion!!!
You kill the polar bear!
Dithmenos accepts your kill. The cane toad closely misses you.
Your hands begin to glow red.
The cane toad stings you!
You hit the cane toad but do no damage. You bite the cane toad!
You drain its power.
You feel invigorated.
You hit the cane toad but do no damage.
The cane toad appears confused.
You barely miss the cane toad. Your punch misses the cane toad.
You bite the cane toad! You drain its power.
You hit the cane toad but do no damage. You bite the cane toad.
You drain its power. The cane toad barely misses you.
You hit the cane toad. Your bite misses the cane toad. You hit the cane toad.
You bite the cane toad. You drain its power. You hit the cane toad.
You bite the cane toad.
You kill the cane toad!
Dithmenos accepts your kill.
You hear the rapid rumble of an avalanche of rocks very nearby.
A rock wall.
This square is wreathed by an umbra.
The rock shatters into small pieces.
Found a dark tunnel.
There is a dark tunnel here.
The world spins around you as you enter the gateway.
You enter a volcano!
Found a rocky tunnel leading out of this place.
There is a rock-blocked tunnel here.
You start removing your armour.
You continue taking off the +1 ring mail "Uzuiloblu" {rPois Regen+}. x4
You finish taking off the +1 ring mail "Uzuiloblu" {rPois Regen+}.
You start putting on your armour.
You continue putting on your +1 robe of fire resistance. x5
You finish putting on your +1 robe of fire resistance.
You feel resistant to fire. 2 two-headed ogres and an ogre mage come into view.
A two-headed ogre is wielding a +4 great mace of flaming and a +1 great mace of flaming.
A two-headed ogre is wielding two +0 giant clubs of flaming.
The ogre mage is wielding a +2 whip of flaming and wearing a +1 robe of fire resistance.
Found six items.
Found a rocky tunnel leading out of this place.
Found a pair of glowing boots.
There is a rocky tunnel leading out of this place here.
You see here 15 gold pieces.
The helpless two-headed ogre fails to defend itself.
You perforate the two-headed ogre like a sieve!!!!
You kill the two-headed ogre!
Dithmenos accepts your kill.
You see here a glowing silvery potion.
The helpless two-headed ogre fails to defend itself.
You perforate the two-headed ogre like a sieve!!!!
You kill the two-headed ogre!
Dithmenos accepts your kill.
The helpless ogre mage fails to defend itself.
You stick the ogre mage like a pincushion!!!!
You kill the ogre mage!
Dithmenos accepts your kill.
Your Spellcasting skill increases to level 8!
No target in view!
Things that are here:
a +2 whip of flaming; a +1 robe of fire resistance
h - 8 scrolls of teleportation {@r4} (gained 1)
You now have 632 gold pieces (gained 16).
You see here a scroll of noise {!r}.
You see here a +1 pair of boots of rampaging.
R - a +1 pair of boots of rampaging You see here a scroll of noise {!r}.
You now have 647 gold pieces (gained 15).
l - 2 glowing silvery potions (gained 1)
Things that are here:
a +0 giant club of flaming; a +0 giant club of flaming
Things that are here:
a +4 great mace of flaming; a +1 great mace of flaming; a two-headed ogre corpse You see here a +0 battleaxe of flaming.
Things that are here:
a +2 whip of flaming; a +1 robe of fire resistance
Okay, then.
There is a rocky tunnel leading out of this place here.
Okay, then.
A two-headed ogre comes into view.
It is wielding two +0 giant clubs of flaming.
Found five items.
The two-headed ogre shouts in stereo!
A red draconian comes into view.
It is wielding a +0 scimitar of flaming.
Found a rocky tunnel leading out of this place.
You barely miss the two-headed ogre. You bite the two-headed ogre.
You drain its power. You hit the two-headed ogre.
You bite the two-headed ogre, but do no damage.
You hit the two-headed ogre. You bite the two-headed ogre. You drain its power.
Your shadow hits the two-headed ogre with a dagger.
Your hands begin to glow red.
The two-headed ogre hits you with a +0 giant club of flaming!!
The two-headed ogre burns you! The two-headed ogre closely misses you.
You hit the two-headed ogre but do no damage.
The two-headed ogre appears confused.
Your shadow hits the two-headed ogre but does no damage.
You hit the two-headed ogre.
The two-headed ogre gestures wildly.
The two-headed ogre misses you.
The two-headed ogre hits you with a +0 giant club of flaming.
You catch the helpless two-headed ogre completely off-guard!
You perforate the two-headed ogre like a sieve!!!
You bite the two-headed ogre.
You kill the two-headed ogre!
Dithmenos accepts your kill.
Things that are here:
a +0 giant club of flaming; a +0 giant club of flaming; a two-headed ogre corpse
Aim: a red draconian, wielding a +0 scimitar of flaming and wearing a +2 cloak (umbra, chance to affect: 45%)
The red draconian resists with some effort.
Aim: a red draconian, wielding a +0 scimitar of flaming and wearing a +2 cloak (umbra, chance to affect: 45%)
The red draconian resists with some effort.
The red draconian hits you with a +0 scimitar of flaming!
Aim: a red draconian, wielding a +0 scimitar of flaming and wearing a +2 cloak (umbra, chance to affect: 45%)
The red draconian resists with some effort.
The air gets thick with the scent of sulphur.
The red draconian hits you with a +0 scimitar of flaming!!
* * * LOW HITPOINT WARNING * * *
The red draconian burns you.
* * * LOW HITPOINT WARNING * * *
Okay, then.
Okay, then.
Okay, then.
Okay, then.
Aim: a red draconian, wielding a +0 scimitar of flaming and wearing a +2 cloak (umbra, chance to affect: 45%)
Okay, then.
Unknown command.
Unknown command.
Aim: a red draconian, wielding a +0 scimitar of flaming and wearing a +2 cloak (umbra, chance to affect: 45%)
The red draconian resists with some effort.
Your shadow mimicks your spell!
The red draconian easily resists.
The red draconian closely misses you.
Okay, then.
Unknown command.
Okay, then.
You feel very mighty all of a sudden.
The red draconian hits you with a +0 scimitar of flaming!
* * * LOW HITPOINT WARNING * * *
The red draconian burns you.
* * * LOW HITPOINT WARNING * * *
You closely miss the red draconian.
In the distance, the volcano erupts with a roar.
You are engulfed in blazing flames.
You resist.
* * * LOW HITPOINT WARNING * * *
The red draconian breathes fire at you. The searing blast hits you. You resist.
* * * LOW HITPOINT WARNING * * *
As you read the scroll labelled ORHUYDATUM, it crumbles to dust.
Your body is wracked with pain!
* * * LOW HITPOINT WARNING * * *
The red draconian convulses!
It was a scroll of torment.
You are engulfed in blazing flames.
You resist.
You die...

### ##.#....... #
#.#....§≈°§°○≈.. #
##.....≈≈≈○°°☼≈≈.. ##
#.....≈≈≈≈○○○≈≈≈≈. §##
##..°.○≈≈≈°°§≈≈≈§≈ §§##
#...°○°≈≈°°§§§§≈≈§ §.§##
###....○○○°§§§≈≈≈≈
..∩.####....○○○☼§○°○☼☼≈..
.?).#...###.○○○○@☼☼○☼☼...
..##..### #####d########.
####### #☼## ∩.. ..(#
#![$ ≈≈≈$[ #≈≈≈


You could see a red draconian.

Vanquished Creatures
  3 hydras
  An ogre mage (Volcano)
  7 two-headed ogres
  A skeletal warrior (D:10)
  A wizard (D:10)
  A wolf spider (Lair:2)
  2 deep elf pyromancers
  2 manticores (D:11)
  An elephant (D:8)
  2 cyclopes (D:11)
  Joseph (D:7)
  5 black mambas
  A gargoyle (D:9)
  An unseen horror (D:11)
  2 cane toads
  4 komodo dragons
  3 trolls
  2 hornets
  4 slime creatures (D:12)
  A polar bear (Lair:3)
  Prince Ribbit (D:6)
  7 blink frogs
  A shadow (D:10)
  4 wraiths
  19 yaks
  4 wyverns
  Eustachio (D:5)
  A steam dragon (D:10)
  4 basilisks
  Menkaure (D:6)
  2 nagas (Lair:2)
  Edmund (D:4)
  9 water moccasins
  5 orc warriors
  4 black bears
  A sky beast (shapeshifter) (D:10)
  A sky beast (D:5)
  4 necrophages
  3 ice beasts
  An ogre (D:6)
  5 centaurs
  3 phantoms
  2 kobold brigands
  6 bullfrogs
  A wyvern zombie (D:6)
  A scorpion (D:5)
  9 killer bees
  2 centaur zombies
  9 hounds
  A jelly (D:8)
  Crazy Yiuf (D:6)
  8 orc priests
  A centaur skeleton (D:5)
  A gnoll shaman (D:7)
  2 bullfrog skeletons
  3 iguanas
  4 iron imps
  2 scorpion zombies (D:5)
  Natasha (thrice) (D:3)
  13 orc wizards
  2 killer bee zombies (D:8)
  A howler monkey zombie (D:9)
  7 gnolls
  15 adders
  A shadow imp (D:7)
  A white imp (D:7)
  2 ufetubi (D:5)
  2 adder skeletons
  A worm (D:2)
  3 dart slugs (D:1)
  29 orcs
  10 endoplasms
  11 giant cockroaches
  10 goblins
  6 hobgoblins
  6 jackals (D:1)
  12 kobolds
  3 quokkas
  8 ball pythons
  4 bats
  3 frilled lizards
  3 rats
336 creatures vanquished.

Vanquished Creatures (collateral kills)
  Sigmund (D:2)
1 creature vanquished.

Vanquished Creatures (others)
  A dancing weapon (D:10)
  A bush (D:7)
  A butterfly (D:7)
  20 fungi (Lair:2)
  52 plants
75 creatures vanquished.

Grand Total: 412 creatures vanquished

Notes
Turn   | Place    | Note
-------+----------+-------------------------------------------
     0 | D:1      | CryoSword the Vine Stalker Enchanter began the quest for
                  | the Orb.
     0 | D:1      | Reached XP level 1. HP: 9/9 MP: 4/4
    69 | D:1      | Reached skill level 1 in Short Blades
   329 | D:1      | Reached XP level 2. HP: 13/13 MP: 6/6
   510 | D:1      | Learned a level 2 spell: Ensorcelled Hibernation
   827 | D:1      | Reached XP level 3. HP: 16/17 MP: 5/7
  1138 | D:1      | Reached skill level 1 in Fighting
  1436 | D:2      | Found an opulent altar of Gozag.
  1527 | D:2      | Found Sirphebong's Assorted Antiques.
  1588 | D:2      | Bought a scroll labelled TYGGUO FAVUCH for 25 gold pieces
  1792 | D:2      | Gained mutation: Your natural rate of healing is unusually
                  | fast. [Vine Stalker growth]
  1792 | D:2      | Reached XP level 4. HP: 8/22 MP: 1/8
  1923 | D:2      | Learned a level 3 spell: Confusing Touch
  1927 | D:2      | Learned a level 3 spell: Tukima's Dance
  2053 | D:2      | Noticed Sigmund
  2065 | D:2      | Killed Sigmund
  2066 | D:2      | Reached skill level 2 in Fighting
  2066 | D:2      | Reached skill level 5 in Stealth
  2066 | D:2      | Reached XP level 5. HP: 26/26 MP: 3/10
  2066 | D:2      | Reached XP level 6. HP: 30/30 MP: 3/11
  2340 | D:3      | Noticed Natasha
  2344 | D:3      | Found a burning altar of Makhleb.
  2345 | D:3      | Killed Natasha
  2376 | D:3      | Noticed Natasha
  2446 | D:3      | Killed Natasha
  2466 | D:3      | Learned a level 3 spell: Dazzling Flash
  2483 | D:3      | Found a sacrificial altar of Ru.
  2841 | D:3      | Noticed Natasha
  2975 | D:3      | Found a faded altar of an unknown god.
  3063 | D:3      | Found a hide-covered altar of Uskayaw.
  3545 | D:3      | Killed Natasha
  3600 | D:3      | Found a faded altar of an unknown god.
  3638 | D:3      | Found a sacrificial altar of Ru.
  3894 | D:3      | Found a hide-covered altar of Uskayaw.
  4218 | D:4      | Reached skill level 1 in Ice Magic
  4218 | D:4      | Reached XP level 7. HP: 35/35 MP: 12/12
  4398 | D:4      | Reached skill level 3 in Fighting
  4443 | D:4      | Noticed Edmund
  4515 | D:4      | Found an ancient bone altar of Kikubaaqudgha.
  4829 | D:4      | Killed Edmund
  5004 | D:4      | Reached skill level 1 in Conjurations
  5065 | D:4      | Gained mutation: You have razor-sharp teeth. [Vine Stalker
                  | growth]
  5065 | D:4      | Reached XP level 8. HP: 30/42 MP: 11/14
  5407 | D:5      | Entered Level 5 of the Dungeon
  5414 | D:5      | Reached skill level 4 in Fighting
  5501 | D:5      | Reached skill level 5 in Hexes
  5538 | D:5      | Noticed Eustachio
  5708 | D:5      | Identified the +1 robe of the Monkey's Uncle {*Slow rElec
                  | Will+++ rCorr}
  5865 | D:5      | Killed Eustachio
  6153 | D:5      | Reached skill level 5 in Fighting
  6215 | D:5      | Noticed a wraith
  6242 | D:5      | Killed a wraith
  6333 | D:5      | Found a glowing golden altar of the Shining One.
  6351 | D:5      | Reached XP level 9. HP: 47/47 MP: 8/15
  6867 | D:6      | Found a staircase to the Ecumenical Temple.
  6879 | D:6      | Reached skill level 6 in Fighting
  6910 | D:6      | Found Kegosaun's General Store.
  6957 | D:6      | Found a transporter.
  6975 | Temple   | Entered the Ecumenical Temple
  7180 | Temple   | Became a worshipper of Dithmenos the Shadowed
  7382 | D:6      | Found Myheesia's Armour Shoppe.
  7477 | D:6      | Reached skill level 5 in Short Blades
  7491 | D:6      | Noticed Prince Ribbit
  7498 | D:6      | Killed Prince Ribbit
  7704 | D:6      | Bought a +2 cloak for 181 gold pieces
  7847 | D:6      | Found a transporter.
  7863 | D:6      | Noticed a kobold demonologist
  8043 | D:6      | Identified the +1 ring mail "Uzuiloblu" {rPois Regen+}
  8065 | D:6      | Noticed Menkaure
  8106 | D:6      | Reached skill level 7 in Fighting
  8153 | D:6      | Killed Menkaure
  8154 | D:6      | Reached XP level 10. HP: 55/55 MP: 16/18
  8237 | D:6      | Found a runed translucent door.
  8238 | D:6      | Noticed Crazy Yiuf
  8256 | D:6      | Killed Crazy Yiuf
  8665 | D:7      | Reached * piety under Dithmenos
  8928 | D:7      | Noticed Joseph
  8941 | D:7      | Killed Joseph
  9084 | D:7      | Reached skill level 5 in Spellcasting
  9091 | D:7      | Reached skill level 8 in Fighting
  9241 | D:2      | Bought a pearl ring for 125 gold pieces
  9363 | D:7      | Found a white marble altar of Elyvilon.
  9537 | D:8      | Found Qausu's Weapon Boutique.
  9554 | D:8      | Found Ibriwkan's Armour Shop.
  9557 | D:8      | Found Dinwu's General Store.
  9667 | D:8      | Found Kanwyd's Assorted Antiques.
  9670 | D:8      | Found Fucut's Jewellery Shop.
  9775 | D:8      | Noticed a two-headed ogre
  9781 | D:8      | Killed a two-headed ogre
  9929 | D:8      | Noticed an elephant
  9930 | D:8      | Found a staircase to the Lair.
  9988 | D:8      | Killed an elephant
 10832 | D:8      | Found a snail-covered altar of Cheibriados.
 10844 | D:8      | Reached ** piety under Dithmenos
 10951 | D:8      | Found a staircase to the Lair.
 10970 | D:8      | Found a snail-covered altar of Cheibriados.
 11183 | D:8      | Found Dinwu's General Store.
 11187 | D:8      | Found Fucut's Jewellery Shop.
 11191 | D:8      | Found Kanwyd's Assorted Antiques.
 11192 | D:8      | Found Ibriwkan's Armour Shop.
 11211 | D:8      | Found Qausu's Weapon Boutique.
 11741 | D:9      | Reached skill level 9 in Fighting
 11741 | D:9      | Reached XP level 11. HP: 62/62 MP: 20/20
 12174 | D:9      | Found an iron altar of Okawaru.
 12398 | D:10     | Entered Level 10 of the Dungeon
 12738 | D:10     | Noticed a two-headed ogre
 12745 | D:10     | Killed a two-headed ogre
 12883 | D:10     | Noticed a two-headed ogre
 12887 | D:10     | Noticed a wizard
 12889 | D:10     | Killed a two-headed ogre
 12890 | D:10     | Reached skill level 10 in Fighting
 12902 | D:10     | Killed a wizard
 12905 | D:10     | Got Sif Muna's Grimoire of Confrontation and Fire
 13024 | D:10     | Got the Collected Works on Creative Darkness
 13216 | D:10     | Reached skill level 10 in Stealth
 13533 | D:10     | Identified the +5 falchion of Fosmum {flame, rPois Int+7}
 13533 | D:10     | Noticed a skeletal warrior
 13713 | D:10     | Killed a skeletal warrior
 13871 | D:10     | Noticed a deep elf pyromancer
 13880 | D:10     | Killed a deep elf pyromancer
 14044 | D:10     | Reached XP level 12. HP: 68/69 MP: 15/22
 14122 | D:11     | Reached *** piety under Dithmenos
 14123 | D:11     | Reached skill level 11 in Fighting
 14140 | D:11     | You fall into a shaft and drop 1 floor!
 14170 | D:12     | Noticed an eight-headed hydra
 14194 | D:12     | Killed an eight-headed hydra
 14559 | D:11     | Noticed a six-headed hydra
 14564 | D:11     | Killed a six-headed hydra
 14583 | D:11     | Noticed a two-headed ogre
 14590 | D:11     | Killed a two-headed ogre
 14591 | D:11     | Reached skill level 10 in Hexes
 15112 | D:10     | Reached skill level 12 in Fighting
 15638 | Lair:1   | Entered Level 1 of the Lair of Beasts
 15897 | Lair:1   | Got Sif Muna's Incunabulum of Warped Lightness
 16510 | Lair:2   | Reached **** piety under Dithmenos
 16511 | Lair:2   | Reached XP level 13. HP: 73/75 MP: 20/25
 16618 | Lair:2   | Found a staircase to the Snake Pit.
 17876 | Lair:3   | Noticed a minotaur
 17876 | Lair:3   | Noticed Bruhh's ghost (journeyman GrEE)
 18038 | Lair:3   | Found a runed translucent gate.
 18040 | Lair:3   | Found a runed translucent gate.
 18050 | Lair:3   | Reached skill level 10 in Short Blades
 18120 | Lair:3   | Found a dark tunnel.
 18125 | Volcano  | Entered a volcano
 18196 | Volcano  | Noticed a red draconian
 18212 | Volcano  | Engulfed by a cloud of flame

Illustrated notes

Levels and vault maps discovered:
D:1:      giann_horns, layout_loops_ring, nicolae_concentric_dashed_squares_wild
D:2:      minmay_roachtagon, layout_basic, basic_altar, serial_shops, shop,
          chequers_serial_rivers_small_a, kennysheep_generic_room_16,
          uniq_sigmund
D:3:      layout_basic, nicolae_uskayaw_suspiria, demons_altar,
          nicolae_ru_awakened_eye, shapermc_ecumenical_altar_pompeii,
          serial_bayou_pond_d, minmay_crystal_water,
          nicolae_concentric_dashed_squares_mild, uniq_natasha
D:4:      layout_cave_pods, mainiacjoe_overflow_surrounded_room,
          minmay_diced_spiral, uniq_edmund
D:5:      layout_loops_corners, mainiacjoe_overflow_six_doors_small,
          uniq_eustachio
D:6:      gammafunk_wand_slinger, layout_basic, minmay_temple_entry_sparse_star,
          serial_shops, shop, shop_fountains, uniq_menkaure,
          uniq_crazy_yiuf_cottage, uniq_prince_ribbit1
D:7:      layout_loops_cross, nicolae_elyvilon_peaceful_grove, uniq_joseph
D:8:      layout_loops_ring, slow_altar_2, david_lair_generic,
          minmay_shop_grid_forest, nicolae_stop_n_shop_1, corexii_checkpoint_b
D:9:      wander_river, layout_rooms, nicolae_overflow_crystal_walls,
          glass_columns_c
D:10:     cheibrodos_wizards_tower, layout_layer_cave, nzn_random_ring
D:11:     layout_small_grid, kennysheep_minor_cross
D:12:     layout_loops_ring, orc_0_dummy, nicolae_wu_jian_immortal_techniques,
          uniq_josephine
Temple:   eino_narrow_crystal_temple
Lair:1:   layout_concentric_octagons, st_stairs_9, grunt_megastairs_3
Lair:2:   minmay_lair_venomous_thicket, layout_regular_city,
          guppyfry_snake_entry_island
Lair:3:   layout_hall_layers, maelrawn_ghost_gauntlet_escape, enter_volcano_1,
          grunt_megastairs_5
Volcano:  volcano_pools

Skill      XL: |  1  2  3  4  5  6  7  8  9 10 11 12 13 |
---------------+----------------------------------------+-----
Short Blades   | 1 2 3 4 5 6 8 9 10 | 10.2
Fighting       | 1 2 3 5 7 9 10 12 | 12.4
Stealth        | 4 5 6 7 8 9 10 11 | 11.9
Dodging        | 2 3 |  3.0
Hexes          | 4 5 6 7 9 10 11 | 11.4
Spellcasting   | 3 4 5 6 7 8 |  8.0
Ice Magic      | 1 2 3 4 |  4.0
Conjurations   | 1 2 3 4 |  4.0

Action                   |  1- 3 |  4- 6 |  7- 9 | 10-12 | 13-15 || total
-------------------------+-------+-------+-------+-------+-------++-------
Melee: Dagger            |   130 |   123 |   287 |   691 |   130 ||  1361
       Bite              |    29 |    37 |   101 |   281 |    49 ||   497
       Punch             |     2 |       |     4 |    15 |     2 ||    23
       Rapier            |       |       |       |    20 |       ||    20
 Cast: Ensorcelled Hiber |     4 |     9 |    51 |    68 |    12 ||   144
       Confusing Touch   |       |     5 |    19 |    65 |    17 ||   106
       Tukima's Dance    |       |     1 |       |     5 |       ||     6
       Dazzling Flash    |       |       |       |     7 |       ||     7
Evoke: Wand              |       |       |       |       |     1 ||     1
  Use: Scroll            |     3 |       |     9 |     6 |     1 ||    19
       Potion            |       |       |     2 |     1 |     1 ||     4
 Stab: Sleeping          |    13 |     8 |    34 |    54 |    13 ||   122
       Confused          |       |     4 |    10 |    42 |    14 ||    70
       Invisible         |       |       |     1 |     2 |       ||     3
       Distracted        |       |       |       |     4 |     1 ||     5
Armor: Robe              |    41 |    51 |    48 |       |       ||   140
       Ring mail         |       |       |     2 |   284 |    26 ||   312
Dodge: Dodged            |    86 |    90 |   142 |   299 |    44 ||   661
